 Dungeon Crawl Stone Soup version 0.29.0-4-gdea44cf6ec (webtiles) character file.

Game seed: 11779185507633264365

67 qw the Caller (level 4, 0/36 HPs)
             Began as a Ghoul Summoner on Sept 10, 2022.
             Slain by a gnoll
             ... wielding a +0 club
              (3 damage)
             ... on level 2 of the Dungeon.
             The game lasted 00:01:05 (3088 turns).

qw the Caller (Ghoul Summoner)                      Turns: 3088, Time: 00:01:05

Health: 0/36       AC:  2    Str: 13    XL:     4   Next: 16%
Magic:  0/5        EV: 12    Int: 10    God:
Gold:   98         SH:  0    Dex: 15    Spells: 5/6 levels left

rFire   . . .      SeeInvis .   d - +0 spear
rCold   + . .      Faith    .   (no shield)
rNeg    + + +      Spirit   .   a - +0 robe
rPois   inf        Reflect  .   (no helmet)
rElec   .          Harm     .   (no cloak)
rCorr   .          Rampage  .   (no gloves)
Will    .....                   (no boots)
Stlth   ++........              (no amulet)
HPRegen 0.00/turn               c - +6 ring of dexterity
MPRegen 0.09/turn               (no ring)

@: inhibited regen
A: claws 1, cold resistance 1, negative energy resistance 3, inhibited
regeneration, torment resistance 2, devour on kill
a: no special abilities


You were on level 2 of the Dungeon.
You visited 1 branch of the dungeon, and saw 2 of its levels.

You collected 98 gold pieces.


Innate Abilities, Weirdness & Mutations

You are immune to poison.
You have sharp fingernails.
Your flesh is cold resistant. (rC+)
You are immune to negative energy. (rN+++)
You do not regenerate when monsters are visible.
You are immune to unholy pain and torment.
You thrive by killing the living.


   Skills:
 - Level 2.1 Fighting
 + Level 2.6 Axes
 - Level 1.7 Dodging
 - Level 2.1 Stealth
 - Level 1.7 Spellcasting
 - Level 3.6 Summonings


You had 5 spell levels left.
You knew the following spells:

 Your Spells              Type           Power      Damage    Failure   Level
a - Summon Small Mammal   Summ           32%        N/A       8%          1

Your spell library contained the following spells:

 Spells                   Type           Power      Damage    Failure   Level
 Call Imp                 Summ           8%         N/A       11%         2
 Call Canine Familiar     Summ           8%         N/A       22%         3
 Summon Guardian Golem    Hex/Summ       4%         N/A       43%         3
 Summon Lightning Spire   Summ/Air       4%         N/A       83%         4

Inventory:

Hand Weapons
 d - a +0 spear (weapon)
Armour
 a - a +0 robe (worn)
 b - a +0 ring mail
 h - a +0 plate armour
 o - a +0 pair of boots
Jewellery
 c - a +6 ring of dexterity (left claw)
 g - a ring of ice
Scrolls
 i - 3 scrolls of identify {unknown}
 j - 2 scrolls of fog {unknown}
 k - a scroll of noise {unknown}
Potions
 e - a potion of haste
 f - a potion of brilliance {unknown}
 l - a potion of cancellation {unknown}
 m - a potion of flight {unknown}
 n - a potion of resistance {unknown}

Dungeon Overview and Level Annotations

Branches:
Dungeon (2/15)

Altars:


Message History

You closely miss the gnoll.
The gnoll is lightly wounded.
Your rat bites the gnoll but does no damage.
Your rat bites the gnoll.
The gnoll barely misses your rat.
3082 ||| CASTING Summon Small Mammal
Casting: Summon Small Mammal (safe; 8% risk of failure)
Confirm with . or Enter, or press ? or * to list all spells.
Your rat disappears in a puff of smoke!
Your rat closely misses the gnoll.
The gnoll hits your rat with a +0 club!
Your rat dies!
Your rat's corpse disappears in a puff of smoke!
You hear a shout!
Reach: d) +0 spear
Press: ? - help, Dir - move target, f/p - gnoll You closely miss the gnoll.
The gnoll is lightly wounded.
Your bat hits the gnoll but does no damage.
The gnoll closely misses your bat.
Reach: d) +0 spear
Press: ? - help, Dir - move target, f/p - gnoll You closely miss the gnoll.
The gnoll is lightly wounded.
Your bat closely misses the gnoll.
The gnoll hits your bat with a +0 club.
Reach: d) +0 spear
Press: ? - help, Dir - move target, f/p - gnoll You could not reach far enough!
Your bat hits the gnoll but does no damage.
You hit the gnoll.
The gnoll is heavily wounded.
Your bat barely misses the gnoll.
A goblin comes into view. It is wielding a +0 club.
The gnoll hits you with a +0 club!
You hit the gnoll.
The gnoll is severely wounded.
Your bat hits the gnoll. The gnoll hits you with a +0 club.
You barely miss the gnoll.
The gnoll is severely wounded.
Your bat hits the gnoll but does no damage.
The gnoll hits you with a +0 club.
You die...

## #.......# #.# # #####
#.....).####.# ### #...#
####.........# ..# #...#
#.........# #.# #...#
#........## #.# #...#
#........#
#.######...###############
#......'...'...b.g.......
..######...##...@g.## #.#
######.####)# ..# #.# .#
##### #.# .# #...# #.# .#
#.#.# #.# g. ..#.# #.# g#
###.######..... g.
#..........#


You could see a gnoll (ally target), a goblin and a friendly bat (summoned).

Vanquished Creatures
  An adder (D:2)
  2 worms (D:2)
  2 dart slugs
  2 endoplasms
  A hobgoblin (D:1)
  2 kobolds (D:1)
  2 quokkas
  5 ball pythons
  5 bats
  A frilled lizard (D:2)
  A rat (D:1)
24 creatures vanquished.

Vanquished Creatures (collateral kills)
  A gnoll (D:2)
  An endoplasm (D:2)
  A giant cockroach (D:2)
  4 goblins
  A hobgoblin (D:1)
  4 kobolds
  A ball python (D:2)
  A frilled lizard (D:2)
  A rat (D:1)
15 creatures vanquished.

Grand Total: 39 creatures vanquished

Notes
Turn   | Place    | Note
-------+----------+-------------------------------------------
     0 | D:1      | qw the Ghoul Summoner began the quest for the Orb.
     0 | D:1      | Reached XP level 1. HP: 14/14 MP: 2/2
     0 | D:1      | 0 ||| qw: Version: 0.1-a-116-g5d60599
     0 | D:1      | 0 ||| qw: Game counter: 7451
     0 | D:1      | 0 ||| qw: Always use a shield: true
     0 | D:1      | 0 ||| qw: God list: Okawaru
     0 | D:1      | 0 ||| qw: Allow faded altars: false
     0 | D:1      | 0 ||| qw: Do Orc after D:15 true
     0 | D:1      | 0 ||| qw: Do second Lair branch before Depths: true
     0 | D:1      | 0 ||| qw: Lair rune preference: random
     0 | D:1      | 0 ||| qw: Plans: Normal
     0 | D:1      | 0 ||| PLANNING D:1-11
    28 | D:1      | 28 ||| CASTING Summon Small Mammal
    29 | D:1      | 29 ||| CASTING Summon Small Mammal
    41 | D:1      | 41 ||| CASTING Summon Small Mammal
    69 | D:1      | 69 ||| CASTING Summon Small Mammal
    70 | D:1      | 70 ||| CASTING Summon Small Mammal
    98 | D:1      | 98 ||| Wielding weapon +0 dagger.
   144 | D:1      | 144 ||| CASTING Summon Small Mammal
   145 | D:1      | 145 ||| CASTING Summon Small Mammal
   177 | D:1      | 177 ||| CASTING Summon Small Mammal
   178 | D:1      | 178 ||| CASTING Summon Small Mammal
   180 | D:1      | Reached skill level 1 in Axes
   252 | D:1      | 252 ||| CASTING Summon Small Mammal
   254 | D:1      | 254 ||| CASTING Summon Small Mammal
   264 | D:1      | 264 ||| CASTING Summon Small Mammal
   266 | D:1      | Reached XP level 2. HP: 10/22 MP: 0/3
   278 | D:1      | 278 ||| CASTING Summon Small Mammal
   284 | D:1      | Reached skill level 1 in Fighting
   460 | D:1      | 460 ||| SWAPPING to +0 short sword.
   461 | D:1      | 461 ||| DROPPING +0 dagger.
   463 | D:1      | 463 ||| CASTING Summon Small Mammal
   464 | D:1      | 464 ||| CASTING Summon Small Mammal
   465 | D:1      | 465 ||| CASTING Summon Small Mammal
   566 | D:1      | 566 ||| CASTING Summon Small Mammal
   567 | D:1      | 567 ||| CASTING Summon Small Mammal
   568 | D:1      | 568 ||| CASTING Summon Small Mammal
   646 | D:1      | 646 ||| CASTING Summon Small Mammal
   647 | D:1      | 647 ||| CASTING Summon Small Mammal
   648 | D:1      | 648 ||| CASTING Summon Small Mammal
   693 | D:1      | 693 ||| CASTING Summon Small Mammal
   694 | D:1      | 694 ||| CASTING Summon Small Mammal
   695 | D:1      | 695 ||| CASTING Summon Small Mammal
   760 | D:1      | 760 ||| CASTING Summon Small Mammal
   761 | D:1      | 761 ||| CASTING Summon Small Mammal
   762 | D:1      | 762 ||| CASTING Summon Small Mammal
   811 | D:1      | 811 ||| CASTING Summon Small Mammal
   812 | D:1      | 812 ||| CASTING Summon Small Mammal
   814 | D:1      | 814 ||| CASTING Summon Small Mammal
   823 | D:1      | 823 ||| CASTING Summon Small Mammal
   882 | D:1      | 882 ||| SWAPPING to +0 spear.
   883 | D:1      | 883 ||| DROPPING +0 short sword.
   903 | D:1      | 903 ||| CASTING Summon Small Mammal
   904 | D:1      | 904 ||| CASTING Summon Small Mammal
   905 | D:1      | 905 ||| CASTING Summon Small Mammal
   915 | D:1      | 915 ||| CASTING Summon Small Mammal
   965 | D:1      | 965 ||| Stepping ~*~*~tactically~*~*~ (hiding).
  1067 | D:1      | 1067 ||| Stepping ~*~*~tactically~*~*~ (hiding).
  1068 | D:1      | 1068 ||| Stepping ~*~*~tactically~*~*~ (hiding).
  1072 | D:1      | 1072 ||| CASTING Summon Small Mammal
  1073 | D:1      | 1073 ||| CASTING Summon Small Mammal
  1074 | D:1      | 1074 ||| CASTING Summon Small Mammal
  1169 | D:1      | 1169 ||| CASTING Summon Small Mammal
  1170 | D:1      | 1170 ||| CASTING Summon Small Mammal
  1171 | D:1      | 1171 ||| CASTING Summon Small Mammal
  1182 | D:1      | 1182 ||| CASTING Summon Small Mammal
  1288 | D:1      | 1288 ||| CASTING Summon Small Mammal
  1289 | D:1      | 1289 ||| CASTING Summon Small Mammal
  1290 | D:1      | 1290 ||| CASTING Summon Small Mammal
  1334 | D:1      | 1334 ||| CASTING Summon Small Mammal
  1335 | D:1      | 1335 ||| CASTING Summon Small Mammal
  1336 | D:1      | 1336 ||| CASTING Summon Small Mammal
  1581 | D:1      | 1581 ||| UPGRADING to +6 ring of dexterity.
  1582 | D:1      | 1582 ||| DRINKING 2 smoky blue potions.
  1583 | D:1      | 1583 ||| DROPPING potion of magic.
  1598 | D:2      | 1598 ||| CASTING Summon Small Mammal
  1599 | D:2      | 1599 ||| Stepping ~*~*~tactically~*~*~ (reaching).
  1600 | D:2      | 1600 ||| STAIRDANCE
  1618 | D:2      | 1618 ||| Stepping ~*~*~tactically~*~*~ (reaching).
  1619 | D:2      | 1619 ||| Stepping ~*~*~tactically~*~*~ (reaching).
  1620 | D:2      | 1620 ||| CASTING Summon Small Mammal
  1621 | D:2      | 1621 ||| CASTING Summon Small Mammal
  1622 | D:2      | 1622 ||| CASTING Summon Small Mammal
  1681 | D:2      | 1681 ||| CASTING Summon Small Mammal
  1682 | D:2      | 1682 ||| CASTING Summon Small Mammal
  1683 | D:2      | 1683 ||| CASTING Summon Small Mammal
  1686 | D:2      | Reached XP level 3. HP: 26/28 MP: 0/4
  1728 | D:2      | 1728 ||| CASTING Summon Small Mammal
  1729 | D:2      | 1729 ||| CASTING Summon Small Mammal
  1730 | D:2      | 1730 ||| CASTING Summon Small Mammal
  1731 | D:2      | 1731 ||| CASTING Summon Small Mammal
  1802 | D:2      | 1802 ||| CASTING Summon Small Mammal
  1803 | D:2      | 1803 ||| CASTING Summon Small Mammal
  1804 | D:2      | 1804 ||| CASTING Summon Small Mammal
  1805 | D:2      | 1805 ||| CASTING Summon Small Mammal
  1905 | D:2      | 1905 ||| CASTING Summon Small Mammal
  1906 | D:2      | 1906 ||| CASTING Summon Small Mammal
  1907 | D:2      | 1907 ||| CASTING Summon Small Mammal
  1908 | D:2      | 1908 ||| CASTING Summon Small Mammal
  1951 | D:2      | 1951 ||| CASTING Summon Small Mammal
  1952 | D:2      | 1952 ||| CASTING Summon Small Mammal
  1953 | D:2      | 1953 ||| CASTING Summon Small Mammal
  1954 | D:2      | 1954 ||| CASTING Summon Small Mammal
  2002 | D:2      | 2002 ||| CASTING Summon Small Mammal
  2003 | D:2      | 2003 ||| CASTING Summon Small Mammal
  2004 | D:2      | 2004 ||| CASTING Summon Small Mammal
  2005 | D:2      | 2005 ||| CASTING Summon Small Mammal
  2082 | D:2      | 2082 ||| CASTING Summon Small Mammal
  2083 | D:2      | 2083 ||| CASTING Summon Small Mammal
  2084 | D:2      | 2084 ||| CASTING Summon Small Mammal
  2085 | D:2      | 2085 ||| CASTING Summon Small Mammal
  2159 | D:2      | 2159 ||| CASTING Summon Small Mammal
  2160 | D:2      | 2160 ||| CASTING Summon Small Mammal
  2161 | D:2      | 2161 ||| CASTING Summon Small Mammal
  2162 | D:2      | 2162 ||| CASTING Summon Small Mammal
  2270 | D:2      | 2270 ||| CASTING Summon Small Mammal
  2271 | D:2      | 2271 ||| CASTING Summon Small Mammal
  2272 | D:2      | 2272 ||| CASTING Summon Small Mammal
  2273 | D:2      | 2273 ||| CASTING Summon Small Mammal
  2281 | D:2      | 2281 ||| CASTING Summon Small Mammal
  2327 | D:2      | 2327 ||| CASTING Summon Small Mammal
  2328 | D:2      | 2328 ||| CASTING Summon Small Mammal
  2329 | D:2      | 2329 ||| CASTING Summon Small Mammal
  2330 | D:2      | 2330 ||| CASTING Summon Small Mammal
  2385 | D:2      | 2385 ||| CASTING Summon Small Mammal
  2386 | D:2      | 2386 ||| CASTING Summon Small Mammal
  2387 | D:2      | 2387 ||| CASTING Summon Small Mammal
  2388 | D:2      | 2388 ||| CASTING Summon Small Mammal
  2466 | D:2      | 2466 ||| CASTING Summon Small Mammal
  2467 | D:2      | 2467 ||| CASTING Summon Small Mammal
  2468 | D:2      | 2468 ||| CASTING Summon Small Mammal
  2469 | D:2      | 2469 ||| CASTING Summon Small Mammal
  2477 | D:2      | 2477 ||| Stepping ~*~*~tactically~*~*~ (reaching).
  2478 | D:2      | 2478 ||| CASTING Summon Small Mammal
  2479 | D:2      | 2479 ||| Stepping ~*~*~tactically~*~*~ (reaching).
  2480 | D:2      | 2480 ||| Stepping ~*~*~tactically~*~*~ (reaching).
  2482 | D:2      | 2482 ||| Stepping ~*~*~tactically~*~*~ (reaching).
  2484 | D:2      | 2484 ||| Stepping ~*~*~tactically~*~*~ (reaching).
  2485 | D:2      | 2485 ||| Stepping ~*~*~tactically~*~*~ (reaching).
  2487 | D:2      | 2487 ||| Stepping ~*~*~tactically~*~*~ (reaching).
  2488 | D:2      | 2488 ||| CASTING Summon Small Mammal
  2489 | D:2      | 2489 ||| Stepping ~*~*~tactically~*~*~ (reaching).
  2490 | D:2      | 2490 ||| Stepping ~*~*~tactically~*~*~ (reaching).
  2492 | D:2      | 2492 ||| Stepping ~*~*~tactically~*~*~ (reaching).
  2493 | D:2      | 2493 ||| Stepping ~*~*~tactically~*~*~ (reaching).
  2495 | D:2      | 2495 ||| Stepping ~*~*~tactically~*~*~ (reaching).
  2497 | D:2      | 2497 ||| Stepping ~*~*~tactically~*~*~ (reaching).
  2498 | D:2      | 2498 ||| Stepping ~*~*~tactically~*~*~ (reaching).
  2499 | D:2      | 2499 ||| CASTING Summon Small Mammal
  2500 | D:2      | 2500 ||| Stepping ~*~*~tactically~*~*~ (reaching).
  2502 | D:2      | 2502 ||| Stepping ~*~*~tactically~*~*~ (reaching).
  2553 | D:2      | 2553 ||| CASTING Summon Small Mammal
  2554 | D:2      | 2554 ||| CASTING Summon Small Mammal
  2555 | D:2      | 2555 ||| CASTING Summon Small Mammal
  2556 | D:2      | 2556 ||| CASTING Summon Small Mammal
  2564 | D:2      | 2564 ||| CASTING Summon Small Mammal
  2566 | D:2      | 2566 ||| Stepping ~*~*~tactically~*~*~ (reaching).
  2568 | D:2      | 2568 ||| Stepping ~*~*~tactically~*~*~ (reaching).
  2571 | D:2      | 2571 ||| Stepping ~*~*~tactically~*~*~ (reaching).
  2573 | D:2      | 2573 ||| Stepping ~*~*~tactically~*~*~ (reaching).
  2574 | D:2      | 2574 ||| Stepping ~*~*~tactically~*~*~ (reaching).
  2575 | D:2      | 2575 ||| CASTING Summon Small Mammal
  2649 | D:2      | 2649 ||| CASTING Summon Small Mammal
  2650 | D:2      | 2650 ||| CASTING Summon Small Mammal
  2651 | D:2      | 2651 ||| CASTING Summon Small Mammal
  2652 | D:2      | 2652 ||| CASTING Summon Small Mammal
  2766 | D:2      | 2766 ||| Stepping ~*~*~tactically~*~*~ (hiding).
  2768 | D:2      | 2768 ||| CASTING Summon Small Mammal
  2769 | D:2      | 2769 ||| CASTING Summon Small Mammal
  2770 | D:2      | 2770 ||| CASTING Summon Small Mammal
  2771 | D:2      | 2771 ||| CASTING Summon Small Mammal
  2819 | D:2      | 2819 ||| CASTING Summon Small Mammal
  2820 | D:2      | 2820 ||| CASTING Summon Small Mammal
  2821 | D:2      | 2821 ||| CASTING Summon Small Mammal
  2822 | D:2      | 2822 ||| CASTING Summon Small Mammal
  2889 | D:2      | 2889 ||| CASTING Summon Small Mammal
  2890 | D:2      | 2890 ||| CASTING Summon Small Mammal
  2891 | D:2      | 2891 ||| CASTING Summon Small Mammal
  2892 | D:2      | 2892 ||| CASTING Summon Small Mammal
  2897 | D:2      | Reached XP level 4. HP: 35/36 MP: 0/5
  3065 | D:2      | 3065 ||| Stepping ~*~*~tactically~*~*~ (hiding).
  3070 | D:2      | 3070 ||| CASTING Summon Small Mammal
  3071 | D:2      | 3071 ||| CASTING Summon Small Mammal
  3072 | D:2      | 3072 ||| CASTING Summon Small Mammal
  3073 | D:2      | 3073 ||| CASTING Summon Small Mammal
  3074 | D:2      | 3074 ||| CASTING Summon Small Mammal
  3082 | D:2      | 3082 ||| CASTING Summon Small Mammal
  3086 | D:2      | HP: 5/36 [gnoll/+0 club (8)]
  3088 | D:2      | Slain by a gnoll

Levels and vault maps discovered:
D:1:      psy_arrival_spokes, layout_loops_cross, serial_forest,
          infiniplex_forest_straight_2, infiniplex_forest_lined_corner,
          infiniplex_forest_clump_small, infiniplex_forest_zigzag_1,
          infiniplex_forest_lined_2, glass_columns_c
D:2:      layout_basic, hangedman_decor_slide_cut, amethyst_killhole

Skill      XL: |  1  2  3 |
---------------+----------+-----
Axes           | 1 2 |  2.6
Fighting       | 1 2 |  2.1
Dodging        | |  1.7
Stealth        | |  2.1
Spellcasting   | |  1.7
Summonings     | |  3.6

Action                   |  1- 3 |  4- 6 || total
-------------------------+-------+-------++-------
Melee: Dagger            |    11 |       ||    11
       Unarmed           |     3 |       ||     3
       Spear             |    67 |    11 ||    78
       Short sword       |    16 |       ||    16
       Punch             |     1 |       ||     1
 Cast: Summon Small Mamm |   115 |     6 ||   121
  Use: Potion            |     1 |       ||     1
Armor: Robe              |    18 |       ||    18
Dodge: Dodged            |    64 |     4 ||    68

Table legend:
 A = Non-vault XP
 B = Vault XP
 C = Vault XP percentage of total XP
 D = Non-vault monster count
 E = Vault monster count
 F = Vault count percentage of total count
                 A         B        C        D         E       F
            +---------+---------+-------+---------+---------+-------
      Total |      96 |       0 |   0.0 |      39 |       0 |   0.0
            +---------+---------+-------+---------+---------+-------
        D:1 |      31 |       0 |   0.0 |      19 |       0 |   0.0
        D:2 |      65 |       0 |   0.0 |      20 |       0 |   0.0
            +---------+---------+-------+---------+---------+-------
